Markus, chaotic male orcish Rogue ----- -------.............).........................- |...| ----|.....|$.....................$......*.........| |...|---...|..^..|.....................^...............$.| |.---......---..--....$............................-------- |.*.............|.......................$.$........|l.| ..| |.....-----....--........................$........--..--..-- |--|---...|....|$...........$..................$.--.)......-- |.........---------..................^..).......--....}}....-- |....|.....-......|............................--.....}}.....-- |-----.....--$....|................$....).....--...}}}}}}}}...-- |...........--....------|-----.........%.....--....}}}}}}}}....-- |.......<....--$.......|...| |..............--.....}}.}}........-- |.............|........|...| |.$...$.....$..|......}}}}}}}}P.....| ---.---.---.--|.---.---|...| ------------...--.......l}}u}}.....- --|.---.--|.---.-|-..|---- |.....|....--....}}}}}}}}....-- |.......|..........| ---...-.....|-...}}}}}}}}...-- |..|..*.|.....(....| |..-|..------.....}}.....-- |---....|---.......|----- |...|--- --....;;....-- |.....---.....--.---....-- ----- --...@N...-- |.....^.......|..........| -+-------- -------------------------- Markus the Robber Experience level: 14 Strength: 18/45 Dexterity: 18 Constitution: 18 Intelligence: 16 Wisdom: 16 Charisma: 12 Health: 0(129) Energy: 41(41) Def: 15 Gold: 0 Moves: 38404 Dungeon seed: eqjy0hCux60KFUTL Game ID: Markus_1542040461 Your Inventory: Amulets Y - an uncursed amulet of reflection (being worn) Weapons b - the rustproof +6 Dragonbane l - the rustproof +6 Frost Brand (alternate weapon; not wielded) p - 3 blessed +4 daggers (wielded) G - 19 +0 daggers (in quiver) Armor e - a blessed +2 gray dragon scale mail g - a cursed +0 pair of high boots (being worn) F - an uncursed +0 pair of leather gloves (being worn) S - a blessed +2 elven leather helm (being worn) X - an uncursed +3 elven cloak Z - a blessed +1 Hawaiian shirt Comestibles w - an uncursed tin of chameleon meat C - an uncursed lizard corpse Rings j - an uncursed ring of fire resistance q - an uncursed ring of polymorph control (on right hand) r - an uncursed ring of fire resistance H - an uncursed +3 ring of increase damage (on left hand) T - an uncursed +5 ring of gain constitution Wands a - a wand of secret door detection (0:12) c - a wand of magic missile (0:5) i - a wand of cold (0:2) k - a wand of teleportation (0:3) m - a wand of magic missile (0:7) o - a wand of digging (0:5) u - a wand of lightning (0:5) y - a wand of death (0:7) B - a wand of light (0:7) D - a wand of sleep (0:5) E - a wand of digging (0:0) J - a blessed wand of digging (0:7) K - a wand of striking (0:1) L - a wand of speed monster (0:3) M - a wand of polymorph (0:0) O - a wand of digging (0:7) P - a wand of striking (0:3) Q - a wand of digging (0:5) R - a wand of create monster (0:2) U - a wand of light (0:11) V - a wand of digging (0:3) W - a wand of digging (0:5) Tools d - an uncursed lock pick t - an uncursed towel v - a blessed bag of holding I - a +0 unicorn horn Gems n - an uncursed luckstone Contents of the bag of holding: 3866 gold pieces the rustproof +0 Grimtooth a +1 dagger named +1 5 +0 darts a blessed +1 silver saber a +0 silver saber an uncursed +1 alchemy smock a blessed +0 cloak of displacement an uncursed +0 cloak of invisibility an uncursed +0 cloak of magic resistance an uncursed +1 elven cloak an uncursed +0 oilskin cloak an uncursed +2 orcish helm a blessed +0 pair of jumping boots an uncursed +0 pair of kicking boots 12 uncursed K-rations 6 uncursed food rations 2 uncursed lizard corpses an uncursed melon an uncursed tin of floating eye meat 3 uncursed tripe rations 2 uncursed scrolls of blank paper 13 uncursed scrolls of create monster 4 uncursed scrolls of earth 7 uncursed scrolls of enchant armor 2 blessed scrolls of enchant weapon 2 uncursed scrolls of enchant weapon an uncursed scroll of genocide an uncursed scroll of gold detection 6 blessed scrolls of identify 8 uncursed scrolls of identify 2 uncursed scrolls of magic mapping 3 blessed scrolls of remove curse an uncursed scroll of remove curse 2 uncursed scrolls of taming a blessed spellbook of blank paper an uncursed spellbook of cause fear an uncursed spellbook of charm monster an uncursed spellbook of charm monster an uncursed spellbook of clairvoyance an uncursed spellbook of cure sickness an uncursed spellbook of detect monsters an uncursed spellbook of detect monsters an uncursed spellbook of dig an uncursed spellbook of drain life an uncursed spellbook of extra healing an uncursed spellbook of force bolt an uncursed spellbook of haste self an uncursed spellbook of healing an uncursed spellbook of jumping an uncursed spellbook of knock an uncursed spellbook of light an uncursed spellbook of magic missile an uncursed spellbook of sleep an uncursed spellbook of stone to flesh 3 blessed potions of enlightenment 4 blessed potions of extra healing a blessed potion of full healing 4 uncursed potions of full healing 4 uncursed potions of gain energy 6 uncursed potions of gain level 7 uncursed potions of healing 10 potions of holy water 2 uncursed potions of object detection an uncursed potion of paralysis a blessed potion of speed 2 uncursed potions of speed an uncursed potion of water an uncursed +4 ring of adornment an uncursed ring of conflict a blessed +1 ring of gain constitution an uncursed -1 ring of gain constitution an uncursed +1 ring of increase damage an uncursed ring of polymorph an uncursed -1 ring of protection an uncursed ring of searching an uncursed ring of stealth an uncursed ring of teleport control an uncursed ring of warning a magic marker (0:76) an uncursed magic whistle an uncursed mirror an uncursed oil lamp (0:1436) 16 uncursed tallow candles (0:200) a tinning kit (0:98) 7 uncursed wax candles (0:400) an uncursed agate stone an uncursed amber stone 8 uncursed amethyst stones 4 uncursed chrysoberyl stones 5 uncursed diamonds 3 uncursed dilithium crystals 9 uncursed emeralds 2 uncursed fluorite stones 2 uncursed jade stones an uncursed jasper stone 3 uncursed obsidian stones 12 uncursed rubies Spells and supernatural/magical abilities: Name Level Category Fail Memory a - force bolt 1 attack 22% 90% c - cause fear 3 enchantment 92% 90% d - dig 5 matter 100% 93% e - charm monster 3 enchantment 92% 90% h - healing 1 healing 22% 94% j - jumping 1 escape 22% 90% k - knock 1 matter 22% 90% l - light 1 divination 22% 90% m - magic missile 2 attack 32% 90% n - detect monsters 1 divination 22% 47% s - slow monster 2 enchantment 32% 90% u - confuse monster 2 enchantment 32% 90% v - clairvoyance 3 divination 92% 90% x - extra healing 3 healing 92% 90% z - sleep 1 enchantment 22% 93% A - create familiar 6 clerical 100% 90% D - drain life 2 attack 32% 98% H - haste self 3 escape 92% 90% K - cure sickness 3 healing 92% 90% S - stone to flesh 3 healing 92% 90% W - pray for help -- divine ? -- Your skills at the end: Fighting Skills two weapon combat [Skilled] Weapon Skills dagger [Expert] short sword [Basic] long sword [Skilled] Spellcasting Skills Final Attributes: You were piously aligned. You were fire resistant. You were cold resistant. You were sleep resistant. You were shock resistant. You were poison resistant. You saw invisible. You were telepathic. You had automatic searching. You had infravision. You were stealthy. You had a +3 damage bonus. You were protected. You had polymorph control. You were fast. You had reflection. You were extremely lucky. You had extra luck. Bad luck did not time out for you. Good luck did not time out for you. You are dead. Vanquished creatures: Croesus an iron golem a gray dragon a red dragon 2 baluchitheria a stone golem a titanothere 28 guardian nagas a disenchanter 3 vampire lords 3 nurses a lurker above 4 frost giants 2 golden nagas 13 black puddings 2 vampires a ghost 8 lieutenants a winged gargoyle 6 giant mimics 2 zruties 4 ice trolls 8 rock trolls 4 umber hulks a flesh golem a doppelganger 7 large mimics 6 long worms 2 couatls 2 stalkers 2 fire elementals a water elemental 2 giant mummies a black naga 2 giant zombies 4 elf-lords 17 sergeants 11 wargs 4 winter wolves 7 small mimics 2 glass piercers a warhorse 6 xans 3 ettin mummies 5 quantum mechanics 16 trolls a wood golem a gelatinous cube a pyrolisk a large dog a freezing sphere a flaming sphere 7 shocking spheres 2 large cats 2 tigers a gargoyle 4 tengu an ochre jelly 4 leocrottas an energy vortex 2 mountain centaurs 2 stone giants 2 elf mummies a human mummy 4 red nagas a pit viper 2 pythons 2 cobras 3 wraiths 4 carnivorous apes 2 ettin zombies 2 leather golems 5 Grey-elves 70 soldiers a succubus 5 incubi 20 chameleons 3 crocodiles 4 giant beetles 4 quivering blobs 9 cockatrices 7 wolves 3 winter wolf cubs a lynx a panther a gremlin 105 leprechauns 3 orc-captains an iron piercer 6 giant spiders 2 scorpions 3 horses 3 ice vortices 5 black lights 4 vampire bats 5 forest centaurs 7 gnome kings an orc mummy a dwarf mummy 2 rust monsters 6 owlbears 6 yetis 3 gold golems a werewolf 13 Green-elves a giant eel 9 lizards 8 thugs 4 chickatrices 2 dogs a housecat 5 jaguars 2 dwarf lords 3 blue jellies 5 white unicorns 4 gray unicorns 6 dust vortices 3 ravens 7 plains centaurs 7 gnome mummies 3 snakes 7 apes 3 human zombies a rope golem 9 Woodland-elves a soldier ant 5 fire ants 29 bugbears an imp 2 quasits 3 wood nymphs 28 water nymphs 9 mountain nymphs 4 Mordor orcs 6 Uruk-hai 2 orc shamans 4 rock piercers 5 rock moles 4 ponies 3 fog clouds 7 yellow lights 3 shriekers 6 violet fungi 19 gnome lords 8 gnomish wizards a kobold mummy a red naga hatchling a golden naga hatchling 2 guardian naga hatchlings 8 gray oozes 2 barrow wights 5 elf zombies 3 ghouls 5 straw golems a paper golem 19 giant ants 7 little dogs 10 floating eyes 21 dwarves a kobold lord 2 kobold shamans 18 hill orcs 12 rothes a rabid rat a centipede 5 giant bats 8 monkeys 5 orc zombies 3 dwarf zombies 2 wererats 2 werejackals 15 iguanas 42 killer bees 3 acid blobs 12 coyotes 8 hobbits 10 manes 6 large kobolds 32 hobgoblins 10 giant rats 10 cave spiders 4 brown molds 11 yellow molds 7 green molds a red mold 68 gnomes 12 garter snakes 3 gnome zombies 10 geckos 14 jackals 3 foxes 3 kobolds 7 goblins 8 sewer rats 8 grid bugs 6 bats 6 lichens 9 kobold zombies 8 newts 1289 creatures vanquished. Genocided or extinct species: leprechauns (extinct) 1 species extinct. Voluntary challenges: You had been an atheist until turn 4812. You used a wielded weapon 1945 times, starting on turn 16. You read items or engraved 166 times, starting on turn 865. You never genocided any monsters. You polymorphed 779 items, starting on turn 36945. You changed form 1 time, starting on turn 38374. You used 1 wish, starting on turn 18538. You did not wish for any artifacts. You split 9 puddings, starting on turn 17815. You wrote Elbereth's name 2 times, starting on turn 6981. You violated your moral code, losing 246 points of alignment, starting on turn 314. Dungeon overview: The Dungeons of Doom: levels 1 to 23 Level 1 a long staircase Level 2 a general store Level 3 a fountain stairs to The Gnomish Mines Level 4 Level 5 a sink Level 6 many fountains Level 7 a fountain stairs to Sokoban Level 8 a scroll shop, a fountain Level 9 Level 10 a temple to Kos Level 11 Level 12 an altar to Kos portal to Fort Ludios Level 13 a fountain portal to The Quest Level 14 Level 15 a scroll shop Level 16 Level 17 Level 18 Level 19 Level 20 Level 21 an altar to Kos, a sink Level 22 Level 23 The Gnomish Mines: levels 4 to 11 Level 4 stairs to The Dungeons of Doom Level 5 Level 6 Level 7 some shops, a temple to Mog, some fountains, a sink Level 8 Level 9 Level 10 Level 11 some fountains The Quest: levels 1 to 5 Level 1 portal to The Dungeons of Doom Level 2 Level 3 Level 4 Level 5 <- You were here Sokoban: levels 3 to 6 Level 3 Level 4 Level 5 Level 6 stairs to The Dungeons of Doom Fort Ludios: Level 1 portal to The Dungeons of Doom History has recorded: On T:1 you entered the Dungeons of Doom to retrieve the Amulet of Yendor! On T:280 you reached level 2 of The Dungeons of Doom. On T:839 you advanced to experience level 2. On T:1103 you reached level 3 of The Dungeons of Doom. On T:1461 you advanced to experience level 3. On T:1524 you reached level 4 of The Dungeons of Doom. On T:2305 you reached level 5 of The Dungeons of Doom. On T:2604 you advanced to experience level 4. On T:2913 you reached level 1 of The Gnomish Mines. On T:3054 you advanced to experience level 5. On T:3574 you reached level 2 of The Gnomish Mines. On T:3676 you advanced to experience level 6. On T:4032 you reached level 3 of The Gnomish Mines. On T:4565 you reached level 4 of The Gnomish Mines. On T:4625 you advanced to experience level 7. On T:5300 you reached level 5 of The Gnomish Mines. On T:5347 you advanced to experience level 8. On T:5700 you advanced to experience level 9. On T:5998 you reached level 6 of The Gnomish Mines. On T:6530 you reached level 7 of The Gnomish Mines. On T:6927 you reached level 8 of The Gnomish Mines. On T:8285 you advanced to experience level 10. On T:9029 you reached level 6 of The Dungeons of Doom. On T:9331 you reached level 7 of The Dungeons of Doom. On T:9587 you reached level 8 of The Dungeons of Doom. On T:10065 you reached level 9 of The Dungeons of Doom. On T:10983 you reached level 10 of The Dungeons of Doom. On T:11758 you reached level 4 of Sokoban. On T:12181 you reached level 3 of Sokoban. On T:12866 you reached level 2 of Sokoban. On T:13308 you reached level 1 of Sokoban. On T:15758 you reached level 11 of The Dungeons of Doom. On T:16245 you advanced to experience level 11. On T:16282 you reached level 12 of The Dungeons of Doom. On T:16752 you received Grimtooth from Kos. On T:17131 you reached level 13 of The Dungeons of Doom. On T:17481 you reached level 14 of The Dungeons of Doom. On T:18538 you wished for "a blessed +2 gray dragon scale mail". On T:18694 you reached level 15 of The Dungeons of Doom. On T:19023 you reached level 16 of The Dungeons of Doom. On T:19458 you reached level 17 of The Dungeons of Doom. On T:20103 you reached level 18 of The Dungeons of Doom. On T:20629 you reached level 19 of The Dungeons of Doom. On T:21973 you reached level 20 of The Dungeons of Doom. On T:22787 you reached level 21 of The Dungeons of Doom. On T:23277 you received Frost Brand from Kos. On T:24977 you reached Fort Ludios. On T:25801 you advanced to experience level 12. On T:26975 you killed Croesus in Fort Ludios. On T:27375 you received Dragonbane from Kos. On T:28378 you reached level 22 of The Dungeons of Doom. On T:29128 you reached level 23 of The Dungeons of Doom. On T:29609 you advanced to experience level 13. On T:29789 you advanced to experience level 14. On T:31320 you reached level 1 of The Quest. On T:32057 you embarked upon an epic quest. On T:33081 you reached level 2 of The Quest. On T:33526 you reached level 3 of The Quest. On T:34240 you reached level 4 of The Quest. On T:34935 you reached level 5 of The Quest. Score breakdown: Gold: 3866 (12203 points) Experience: 14 levels (20086 points) Exploration: 23 levels ( 48.94%) (20746 points) Discoveries: 134 items ( 46.69%) (20499 points) Valuables value: (no points given unless you survive) Artifact value: 3500 (12056 points) Variety of kills: 199 monsters ( 52.23%) (21681 points) Turncount: 38404 turns (-4366 points) Survival: died (score multiplied by 80%) Total score: 82324 Latest messages: You are frozen by the guardian naga! The guardian naga bites! The guardian naga misses. The guardian naga bites! (9x) The shark bites! The guardian naga bites! (2x) You can move again. The shark bites! You return to orcish form! The guardian naga bites! You are frozen by the guardian naga! The shark bites! The guardian naga bites! The shark bites! (2x) The guardian naga bites! (2x) The shark bites! (2x) The guardian naga bites! The shark bites! (2x) The guardian naga bites! The shark bites! (2x) You die... Final status: Goodbye Markus the Rogue, killed by a shark, while paralyzed by a monster's touch... You died in The Quest on dungeon level 5 with 82324 points, and 3866 pieces of gold, after 38404 moves. You were level 14 with a maximum of 129 hit points when you died.